cohdb
Replays
Latest Replays
All Replays
Popular Replays
Top Player Replays
Match Explorer
How It Works
Community
CoH3 Stats
Reddit
Sign in to upload your games and track your stats! →
Sign in with Steam
Match 41638818
Unlisted
Match 41638818
Overview
Messages
Build Orders
End
Construct Infanterie Kompanie
Kettenkrad Recon Vehicle
MG 42 Machine Gun Team
Grenadier Squad
Grenadier Squad
Grenadier Squad
Medical Station
MG 42 Bunker
Construct Panzergrenadier Kompanie
Selects Mechanized Battlegroup
Selects Raid Package
Selects StuG Assault Group
StuG Assault Group
Pak 40 Anti-tank Gun Team
Construct Panzer Kompanie
Selects Spotting Scopes
Stoßtruppen Squad
Selects UNKNOWN (2160084)
Panzer IV Medium Tank
Selects Wespe Self-propelled Artillery
Selects Wespe Self-propelled Artillery
Wespe Self-propelled Artillery
Pioneer Squad
Selects Zeroing Artillery Barrage
Panzer IV Medium Tank
Panther Heavy Tank
Panzer IV Medium Tank
Panther Heavy Tank
Pioneer Squad
Skyline
KevinTDW
tank
pensss
0
0
Comments
sign in to comment!
No comments posted yet!